[Event "FIDE WYCC Open U14 2023"]
[Site "Montesilvano"]
[Date "2023.11.15"]
[Round "3.29"]
[White "Tao, Sihan"]
[Black "Zaragoza Alanis, Miguel Arnulfo"]
[Result "1/2-1/2"]
[ECO "C85"]
[WhiteElo "2122"]
[BlackElo "1838"]
[Annotator "NA"]
[PlyCount "109"]
[EventDate "2023.11.13"]
[EventType "swiss"]
[EventCountry "ITA"]
[SourceTitle "playchess.com"]
[Source "ChessBase"]
[SourceQuality "1"]
[TimeControl "40/5400+30:1800+30"]

1. e4 e5 2. Nf3 Nc6 3. Bb5 a6 4. Ba4 Nf6 5. O-O Be7 6. Bxc6 dxc6 7. Re1 Bg4 8. h3 Bxf3 9. Qxf3 Bc5 10. d3 h6 11. Be3 Nd7 12. Nd2 Bxe3 13. Qxe3 Nf8 14. Nf3 Qf6 15. d4 Ng6 16. Rad1 O-O 17. Nxe5 Nxe5 18. dxe5 Qxe5 19. Qd4 Qe6 20. b3 Rad8 21. Qe3 Qe5 22. c3 Rxd1 23. Rxd1 Re8 24. g3 f5 25. Qd4 Qxd4 26. Rxd4 Rxe4 27. Rd7 Kf8 28. Rxc7 Re7 29. Rc8+ Re8 30. Rxe8+ Kxe8 31. h4 g5 32. hxg5 hxg5 33. Kf1 Ke7 34. Ke2 Ke6 35. Kd3 Ke5 36. a4 a5 37. b4 axb4 38. cxb4 Kd5 39. a5 g4 40. Kc3 Ke4 41. Kc4 Kf3 42. Kc5 Kxf2 43. Kb6 f4 44. Kxb7 fxg3 45. a6 g2 46. a7 g1=Q 47. a8=Q g3 48. Qa2+ Kf3 49. b5 Qe3 50. bxc6 g2 51. Qxg2+ Kxg2 52. c7 Qb3+ 53. Ka8 Qd5+ 54. Kb8 Qb5+ 55. Ka7 1/2-1/2

[Event "FIDE WYCC Open U14 2023"]
[Site "Montesilvano"]
[Date "2023.11.15"]
[Round "3.30"]
[White "Tabuenca Mendataurigoitia, Daniel"]
[Black "Kabylbek, Yedil"]
[Result "1-0"]
[ECO "C47"]
[WhiteElo "2383"]
[BlackElo "1710"]
[Annotator "RC"]
[PlyCount "79"]
[EventDate "2023.11.13"]
[EventType "swiss"]
[EventCountry "ITA"]
[SourceTitle "playchess.com"]
[Source "ChessBase"]
[SourceQuality "1"]
[TimeControl "40/5400+30:1800+30"]

1. e4 e5 2. Nf3 Nc6 3. Nc3 Nf6 4. h3 Bb4 5. Nd5 Bc5 6. c3 O-O 7. d4 exd4 8. cxd4 Nxd5 9. dxc5 Nf6 10. Bd3 Qe7 11. O-O Qxc5 12. b4 Qe7 13. Bb2 d6 14. b5 Ne5 15. Nxe5 dxe5 16. Qc2 Ne8 17. f4 exf4 18. e5 f5 19. Qc3 Be6 20. Ba3 Qg5 21. Bxf8 Kxf8 22. Qb4+ Kg8 23. Qxf4 Qxf4 24. Rxf4 g6 25. Rd4 Kf7 26. Be2 c5 27. bxc6 bxc6 28. Bc4 Ke7 29. Rb1 Rc8 30. Rb7+ Rc7 31. Rxc7+ Nxc7 32. Bxe6 Kxe6 33. Rd6+ Kxe5 34. Rxc6 Nd5 35. Ra6 g5 36. Rxa7 h5 37. a4 g4 38. h4 Kd6 39. Rh7 Nf4 40. g3 1-0

[Event "FIDE WYCC Open U14 2023"]
[Site "Montesilvano"]
[Date "2023.11.15"]
[Round "3.31"]
[White "Heidarsson, Mikael Bjarki"]
[Black "Villa Tornero, Alex"]
[Result "0-1"]
[ECO "A67"]
[WhiteElo "1767"]
[BlackElo "2383"]
[Annotator "RC"]
[PlyCount "44"]
[EventDate "2023.11.13"]
[EventType "swiss"]
[EventCountry "ITA"]
[SourceTitle "playchess.com"]
[Source "ChessBase"]
[SourceQuality "1"]
[TimeControl "40/5400+30:1800+30"]

1. d4 Nf6 2. c4 c5 3. d5 e6 4. Nc3 exd5 5. cxd5 d6 6. e4 g6 7. f4 Bg7 8. Bb5+ Nfd7 9. a4 Na6 10. Bxa6 bxa6 11. Nf3 O-O 12. O-O Re8 13. Qc2 Rb8 14. Nd2 Nf6 15. b3 Ng4 16. Re1 Bd4+ 17. Kf1 Nxh2+ 18. Ke2 Qh4 19. Bb2 Bg4+ 20. Kd3 Qg3+ 21. Nf3 Nxf3 22. gxf3 Bxf3 0-1

[Event "FIDE WYCC Open U14 2023"]
[Site "Montesilvano"]
[Date "2023.11.15"]
[Round "3.32"]
[White "Rashed Abubaker, Alhemeiri"]
[Black "Agasarov, Benik"]
[Result "0-1"]
[ECO "B50"]
[WhiteElo "1717"]
[BlackElo "2360"]
[Annotator "RC"]
[PlyCount "50"]
[EventDate "2023.11.13"]
[EventType "swiss"]
[EventCountry "ITA"]
[SourceTitle "playchess.com"]
[Source "ChessBase"]
[SourceQuality "1"]
[TimeControl "40/5400+30:1800+30"]

1. e4 c5 2. Nf3 d6 3. c3 Nf6 4. Be2 g6 5. O-O Bg7 6. Bb5+ Nc6 7. Re1 O-O 8. h3 Qb6 9. Bf1 e5 10. a4 d5 11. d3 h6 12. Nbd2 Be6 13. exd5 Nxd5 14. Nc4 Qc7 15. g3 Rfe8 16. Bg2 Rad8 17. Qe2 Bf5 18. Nh4 Be6 19. Ne3 Nde7 20. Rd1 g5 21. Nf3 f5 22. Nf1 Ng6 23. b4 cxb4 24. Rb1 bxc3 25. Qc2 g4 0-1

[Event "FIDE WYCC Open U14 2023"]
[Site "Montesilvano"]
[Date "2023.11.15"]
[Round "3.33"]
[White "Salinas Cardenas, Rodrigo Salvador"]
[Black "Besou, Hussain"]
[Result "1/2-1/2"]
[ECO "D37"]
[WhiteElo "1714"]
[BlackElo "2341"]
[Annotator "RC"]
[PlyCount "101"]
[EventDate "2023.11.13"]
[EventType "swiss"]
[EventCountry "ITA"]
[SourceTitle "playchess.com"]
[Source "ChessBase"]
[SourceQuality "1"]
[TimeControl "40/5400+30:1800+30"]

1. d4 Nf6 2. c4 e6 3. Nf3 d5 4. Nc3 Be7 5. cxd5 exd5 6. Bg5 O-O 7. e3 Re8 8. Bd3 c6 9. O-O Nbd7 10. Qc2 h6 11. Bf4 Nf8 12. h3 Bd6 13. Bxd6 Qxd6 14. Rab1 Be6 15. Ne5 N6d7 16. Nxd7 Bxd7 17. Na4 b6 18. b4 Ne6 19. Rfc1 Ng5 20. Bf5 Bxf5 21. Qxf5 Ne4 22. Rc2 Re6 23. Nc3 Nf6 24. b5 c5 25. dxc5 bxc5 26. Rd1 Re5 27. Qf3 Rd8 28. Rcd2 Qe6 29. a4 g6 30. a5 Kg7 31. Kh1 d4 32. exd4 Re1+ 33. Kh2 Rxd1 34. Qxd1 cxd4 35. g3 Qf5 36. Kg1 Rc8 37. Ne2 Ne4 38. Nxd4 Qf6 39. Ra2 Nc3 40. Qg4 Re8 41. Rc2 Re4 42. Qf3 Qxf3 43. Nxf3 Nxb5 44. Rc5 a6 45. Rc6 Re6 46. Rxe6 fxe6 47. Ne5 g5 48. f4 Kf6 49. Kf2 gxf4 50. gxf4 Kf5 51. Ke3 1/2-1/2

[Event "FIDE WYCC Open U14 2023"]
[Site "Montesilvano"]
[Date "2023.11.15"]
[Round "3.34"]
[White "Tenuunbold, Battulga"]
[Black "Guretchii, Kirill"]
[Result "1/2-1/2"]
[ECO "D30"]
[WhiteElo "2290"]
[BlackElo "1806"]
[Annotator "ChessBase"]
[PlyCount "105"]
[EventDate "2023.11.13"]
[EventType "swiss"]
[EventCountry "ITA"]
[SourceTitle "playchess.com"]
[Source "ChessBase"]
[SourceQuality "1"]
[TimeControl "40/5400+30:1800+30"]

1. d4 d5 2. c4 e6 3. Nf3 Nf6 4. g3 Nc6 5. Bg2 Bd6 6. O-O O-O 7. Nc3 dxc4 8. e4 e5 9. d5 Na5 10. Qe2 Bg4 11. Bd2 c6 12. dxc6 bxc6 13. Rfd1 Qe7 14. h3 Bxf3 15. Qxf3 h6 16. Rac1 Rab8 17. Na4 Bb4 18. Be3 Rfd8 19. Rxd8+ Rxd8 20. Bf1 Bd2 21. Bc5 Qb7 22. Rd1 Rd7 23. Qf5 Qc7 24. h4 h5 25. Ba3 Rd4 26. Bc5 Rd7 27. Be2 Bh6 28. Rxd7 Nxd7 29. Bb4 g6 30. Qf3 Kg7 31. Qc3 Nb7 32. Bxc4 Nf6 33. Qd3 g5 34. hxg5 Bxg5 35. Nc5 Qb6 36. Nxb7 Qxb4 37. Nd6 Ng4 38. Nf5+ Kg8 39. Qe2 Qc5 40. b3 a5 41. Qf3 Kf8 42. a4 f6 43. Kg2 Qb6 44. Nd6 Qd4 45. Nf7 Bc1 46. Qf5 Kg7 47. Qxh5 Qxe4+ 48. f3 Ne3+ 49. Kh3 Qf5+ 50. Qxf5 Nxf5 51. Nd8 Nd4 52. Ne6+ Nxe6 53. Bxe6 1/2-1/2

[Event "FIDE WYCC Open U14 2023"]
[Site "Montesilvano"]
[Date "2023.11.15"]
[Round "3.35"]
[White "Yang, Sylvia Siyuan"]
[Black "Averin, Nikolay"]
[Result "1/2-1/2"]
[ECO "A06"]
[WhiteElo "1973"]
[BlackElo "2270"]
[Annotator "ChessBase"]
[PlyCount "128"]
[EventDate "2023.11.13"]
[EventType "swiss"]
[EventCountry "ITA"]
[SourceTitle "playchess.com"]
[Source "ChessBase"]
[SourceQuality "1"]
[TimeControl "40/5400+30:1800+30"]

1. Nf3 d5 2. g3 Bg4 3. Bg2 c6 4. O-O Nd7 5. c4 e6 6. d3 Ngf6 7. cxd5 exd5 8. h3 Bxf3 9. Bxf3 Be7 10. d4 O-O 11. Nc3 Re8 12. Qc2 Nf8 13. Bg5 Ne6 14. Bxf6 Bxf6 15. e3 Qd6 16. a4 a5 17. Rfb1 g6 18. Ne2 h5 19. h4 Ng7 20. Nf4 Re7 21. Ra3 Ne6 22. Nxe6 Rxe6 23. Rb3 Qd7 24. Rd1 Bg7 25. Rb6 Bf8 26. Rb3 Bb4 27. Bg2 Qd6 28. Rc1 Kf8 29. Rd3 Ke8 30. Rdd1 f5 31. Qd3 Kd7 32. Qb3 Rd8 33. Bf3 Kc7 34. Kg2 Kb6 35. Rh1 Qe7 36. Qd3 Rg8 37. Rh3 Ka7 38. Rd1 Qd8 39. Rc1 Qb6 40. Qb3 Qd8 41. Qd3 Bd6 42. Rch1 Qb6 43. Qc3 Qd8 44. Qb3 Bb4 45. R3h2 Qe7 46. Qd3 Rf6 47. Rd1 Ra8 48. Rc1 Kb8 49. Qc2 Rd6 50. Be2 Qe4+ 51. Bf3 Qe6 52. Be2 Qe7 53. Rhh1 Ka7 54. Rh2 Kb8 55. Rhh1 Qe8 56. Rh2 Re6 57. Rhh1 Bd6 58. Kf1 Qe7 59. Rh3 Qd7 60. Kg2 Re7 61. Rhh1 Qe6 62. Kf1 Qe4 63. Rh2 Re8 64. Bd3 Qe6 1/2-1/2

[Event "FIDE WYCC Open U14 2023"]
[Site "Montesilvano"]
[Date "2023.11.16"]
[Round "4.1"]
[White "Rustamov, Rustam"]
[Black "Ljepic, Andrej"]
[Result "1/2-1/2"]
[ECO "C10"]
[WhiteElo "2229"]
[BlackElo "2236"]
[Annotator "RC"]
[PlyCount "84"]
[EventDate "2023.11.13"]
[EventType "swiss"]
[EventCountry "ITA"]
[SourceTitle "playchess.com"]
[Source "ChessBase"]
[SourceQuality "1"]
[TimeControl "40/5400+30:1800+30"]

1. e4 e6 2. d4 d5 3. Nc3 dxe4 4. Nxe4 Nd7 5. Nf3 Ngf6 6. Bd3 c5 7. dxc5 Nxc5 8. Nxf6+ gxf6 9. Bb5+ Bd7 10. Bxd7+ Qxd7 11. Qxd7+ Nxd7 12. Be3 Bc5 13. Rd1 Bxe3 14. fxe3 Rc8 15. c3 Nc5 16. c4 Ke7 17. b3 Rhd8 18. Ke2 Ne4 19. Rd4 f5 20. Rc1 b5 21. Rxd8 Kxd8 22. Nd2 Nf6 23. b4 Nd5 24. a3 bxc4 25. Rxc4 Rc7 26. g3 f6 27. Kd3 Rd7 28. Ke2 Rc7 29. Rxc7 Kxc7 30. Kd3 Kc6 31. Nb1 Nb6 32. Nc3 Nd7 33. h3 Ne5+ 34. Kd4 Nf3+ 35. Kc4 Nd2+ 36. Kd3 Nf3 37. Ne2 e5 38. h4 Ne1+ 39. Kd2 Nf3+ 40. Kd3 Ne1+ 41. Kd2 Nf3+ 42. Kd3 Ne1+ 1/2-1/2

[Event "FIDE WYCC Open U14 2023"]
[Site "Montesilvano"]
[Date "2023.11.16"]
[Round "4.2"]
[White "Vetokhin, Savva"]
[Black "Medhus, Vitus Bondo"]
[Result "1-0"]
[ECO "D51"]
[WhiteElo "2403"]
[BlackElo "2108"]
[Annotator "RC"]
[PlyCount "101"]
[EventDate "2023.11.13"]
[EventType "swiss"]
[EventCountry "ITA"]
[SourceTitle "playchess.com"]
[Source "ChessBase"]
[SourceQuality "1"]
[TimeControl "40/5400+30:1800+30"]

1. d4 Nf6 2. c4 e6 3. Nc3 d5 4. Bg5 Nbd7 5. e3 h6 6. Bf4 Bb4 7. Rc1 O-O 8. Nf3 c5 9. Be2 cxd4 10. exd4 dxc4 11. Bxc4 a6 12. a4 Nb6 13. Bb3 Nbd5 14. Bd2 Nxc3 15. bxc3 Ba3 16. Ra1 Bd6 17. O-O Ne4 18. Bc2 Nxd2 19. Qxd2 Bd7 20. Qd3 g6 21. Qe3 Kg7 22. Be4 Qc7 23. c4 Qxc4 24. Bxb7 Rab8 25. Rfc1 Qb4 26. Bxa6 Rb6 27. Bd3 Ra8 28. a5 Rbb8 29. a6 Ra7 30. Ne5 Qb3 31. Rab1 Qa3 32. Ra1 Qb3 33. Ng4 g5 34. Ne5 f6 35. Nxd7 Rxd7 36. Qe4 f5 37. Qc6 Rdd8 38. Bc4 Qb2 39. Bxe6 Rb6 40. Qc3 Qxc3 41. Rxc3 Be5 42. Bc8 Bxd4 43. a7 Rxc8 44. Rxc8 Bxa1 45. g4 Ra6 46. a8=Q Rxa8 47. Rxa8 Bc3 48. gxf5 Kf6 49. Ra6+ Kxf5 50. Rxh6 Bg7 51. Ra6 1-0

[Event "FIDE WYCC Open U14 2023"]
[Site "Montesilvano"]
[Date "2023.11.16"]
[Round "4.3"]
[White "Dhruva Thota"]
[Black "Banh Gia Huy"]
[Result "0-1"]
[ECO "C02"]
[WhiteElo "2192"]
[BlackElo "2397"]
[Annotator "RC"]
[PlyCount "92"]
[EventDate "2023.11.13"]
[EventType "swiss"]
[EventCountry "ITA"]
[SourceTitle "playchess.com"]
[Source "ChessBase"]
[SourceQuality "1"]
[TimeControl "40/5400+30:1800+30"]

1. e4 e6 2. d4 d5 3. e5 c5 4. c3 Qb6 5. Nf3 Bd7 6. a3 Bb5 7. Bxb5+ Qxb5 8. b4 cxd4 9. cxd4 Nd7 10. Nc3 Qc6 11. Na4 Nb6 12. Nxb6 axb6 13. Bd2 b5 14. O-O Ne7 15. Qe2 Nc8 16. Rac1 Qd7 17. Rc3 Nb6 18. Ng5 h6 19. Qh5 g6 20. Qh3 Bg7 21. Nf3 Rc8 22. Rfc1 Rc4 23. Qg3 Qc7 24. h4 h5 25. Rxc4 bxc4 26. Bg5 Kd7 27. Qf4 Kc6 28. Nd2 Kb5 29. Nb1 Na4 30. Bf6 Bh6 31. Bg5 Bxg5 32. hxg5 c3 33. Qf3 Rc8 34. Qd3+ Qc4 35. Nxc3+ Ka6 36. Qxc4+ Rxc4 37. Ne2 Rxc1+ 38. Nxc1 Kb5 39. Kf1 Kc4 40. Ke2 Kxd4 41. Kd2 Kxe5 42. Nd3+ Kd4 43. f4 Nb6 44. Nc5 Nc4+ 45. Ke2 b6 46. Nd7 Kc3 0-1

[Event "FIDE WYCC Open U14 2023"]
[Site "Montesilvano"]
[Date "2023.11.16"]
[Round "4.4"]
[White "Farias, David Nuno M E"]
[Black "Uskov, Artem"]
[Result "1-0"]
[ECO "B32"]
[WhiteElo "2149"]
[BlackElo "2380"]
[Annotator "RC"]
[PlyCount "159"]
[EventDate "2023.11.13"]
[EventType "swiss"]
[EventCountry "ITA"]
[SourceTitle "playchess.com"]
[Source "ChessBase"]
[SourceQuality "1"]
[TimeControl "40/5400+30:1800+30"]

1. e4 c5 2. Nf3 Nc6 3. d4 cxd4 4. Nxd4 Qb6 5. Nb3 Nf6 6. Nc3 e6 7. a3 Qc7 8. Be3 a6 9. Be2 Be7 10. O-O b5 11. f4 d6 12. Bf3 Bb7 13. Qe2 O-O 14. Rad1 Rac8 15. Qf2 Nd7 16. Rd3 b4 17. Na4 a5 18. Rfd1 Ba6 19. R3d2 Rb8 20. e5 d5 21. axb4 Rxb4 22. Nac5 Bc4 23. Nxd7 Qxd7 24. Nc5 Qc8 25. c3 Rb5 26. Nd3 a4 27. Ra1 Na5 28. Bd1 Bb3 29. Bd4 Nc4 30. Re2 Qd7 31. Qe1 Ra8 32. f5 exf5 33. e6 fxe6 34. Rxe6 Bf8 35. Bxb3 Rxb3 36. Nc5 Bxc5 37. Bxc5 h6 38. Re7 Qc6 39. Bd4 Rb7 40. b3 Nb2 41. Rxb7 Qxb7 42. bxa4 Nc4 43. Qe6+ Qf7 44. Qc6 Re8 45. a5 Re6 46. Qc8+ Re8 47. Qc5 Kh7 48. a6 Nd2 49. Qb5 Qg6 50. Qxd5 Re2 51. Qb7 f4 52. Qxg7+ Qxg7 53. Bxg7 f3 54. gxf3 Nxf3+ 55. Kf1 Rxh2 56. Ra4 Nd2+ 57. Kg1 Nf3+ 58. Kf1 Nd2+ 59. Ke1 Nf3+ 60. Kd1 Rd2+ 61. Kc1 Rd8 62. a7 Ra8 63. Bf8 Ne5 64. Kc2 Nd7 65. Bd6 h5 66. Bg3 Kg6 67. Bf2 Kf7 68. Rh4 Nf6 69. Rb4 Nd7 70. Re4 Nf6 71. Rb4 Nd7 72. Rb7 Ke6 73. c4 Rf8 74. Kc3 Kd6 75. Bg3+ Ke6 76. Bb8 Rf3+ 77. Kb4 Nc5 78. a8=Q Nd3+ 79. Ka5 Rf5+ 80. Rb5 1-0

[Event "FIDE WYCC Open U14 2023"]
[Site "Montesilvano"]
[Date "2023.11.16"]
[Round "4.5"]
[White "Sowinski, Pawel"]
[Black "Warchol, Kamil"]
[Result "1-0"]
[ECO "A07"]
[WhiteElo "2347"]
[BlackElo "2095"]
[Annotator "RC"]
[PlyCount "97"]
[EventDate "2023.11.13"]
[EventType "swiss"]
[EventCountry "ITA"]
[SourceTitle "playchess.com"]
[Source "ChessBase"]
[SourceQuality "1"]
[TimeControl "40/5400+30:1800+30"]

1. Nf3 d5 2. g3 Nf6 3. Bg2 c6 4. O-O Bg4 5. c4 e6 6. Qb3 Qb6 7. Qc2 Be7 8. d3 Nbd7 9. cxd5 exd5 10. e4 Bxf3 11. Bxf3 O-O 12. Nc3 dxe4 13. dxe4 Rfd8 14. Bf4 Qa5 15. a3 Ne5 16. Be2 Rac8 17. b4 Qc7 18. Rac1 Qb8 19. Kg2 h6 20. h3 Qd6 21. Qb3 g5 22. Be3 Qe6 23. Qxe6 fxe6 24. f4 gxf4 25. gxf4 Ng6 26. Bc4 Nf8 27. f5 N6d7 28. Bf4 Nb6 29. Ba2 Kh7 30. Rf3 exf5 31. exf5 Nbd7 32. Re1 Bh4 33. Re2 Re8 34. Rfe3 Rxe3 35. Rxe3 Kg7 36. Kf3 Bf6 37. Ne4 Re8 38. Re2 Ne5+ 39. Bxe5 Bxe5 40. Rg2+ Kh7 41. Rd2 Kg7 42. h4 Kh8 43. f6 Rb8 44. Rg2 Kh7 45. h5 a6 46. Rg7+ Kh8 47. Rg8+ Kh7 48. f7 Bg7 49. Nf6+ 1-0

[Event "FIDE WYCC Open U14 2023"]
[Site "Montesilvano"]
[Date "2023.11.16"]
[Round "4.6"]
[White "Goh, Zi Han"]
[Black "Kazantzoglou, Stefanos"]
[Result "1/2-1/2"]
[ECO "E04"]
[WhiteElo "2333"]
[BlackElo "2031"]
[Annotator "RC"]
[PlyCount "46"]
[EventDate "2023.11.13"]
[EventType "swiss"]
[EventCountry "ITA"]
[SourceTitle "playchess.com"]
[Source "ChessBase"]
[SourceQuality "1"]
[TimeControl "40/5400+30:1800+30"]

1. d4 d5 2. c4 e6 3. Nf3 Nf6 4. g3 dxc4 5. Bg2 a6 6. O-O Nc6 7. e3 Rb8 8. Qe2 b5 9. b3 cxb3 10. axb3 Bb7 11. Bd2 Bd6 12. Rc1 Ne7 13. Ne1 Ne4 14. Nd3 O-O 15. Be1 Ng6 16. Nb4 Qd7 17. Qc2 Ng5 18. Nc6 e5 19. h4 Nh3+ 20. Kh2 Nxh4 21. gxh4 exd4+ 22. Kh1 dxe3 23. fxe3 Rbe8 1/2-1/2

[Event "FIDE WYCC Open U14 2023"]
[Site "Montesilvano"]
[Date "2023.11.16"]
[Round "4.7"]
[White "Hobson, Kenneth"]
[Black "Perossa, Nicolas"]
[Result "0-1"]
[ECO "C78"]
[WhiteElo "2142"]
[BlackElo "2330"]
[Annotator "RC"]
[PlyCount "106"]
[EventDate "2023.11.13"]
[EventType "swiss"]
[EventCountry "ITA"]
[SourceTitle "playchess.com"]
[Source "ChessBase"]
[SourceQuality "1"]
[TimeControl "40/5400+30:1800+30"]

1. e4 e5 2. Nf3 Nc6 3. Bb5 a6 4. Ba4 Nf6 5. O-O b5 6. Bb3 Bc5 7. c3 d6 8. d4 Bb6 9. Be3 Bb7 10. Nbd2 h6 11. d5 Ne7 12. Bxb6 cxb6 13. Ne1 g5 14. Bc2 Ng6 15. c4 b4 16. Nd3 a5 17. Re1 Rc8 18. b3 O-O 19. Nf1 Kh7 20. Ng3 Ba6 21. Nb2 Nh4 22. Bd3 Nd7 23. Rc1 Nc5 24. Bf1 Rc7 25. Nd3 Qd7 26. Qh5 Bc8 27. h3 Qe7 28. Nxc5 bxc5 29. Be2 Qf6 30. Bg4 Bxg4 31. Qxg4 Ra7 32. Nh5 Qe7 33. g3 f5 34. exf5 Nxf5 35. Qe4 Kh8 36. g4 Nh4 37. Re3 a4 38. Rf1 axb3 39. axb3 Qf7 40. f3 Ra2 41. Rf2 Ra1+ 42. Kh2 Rc1 43. Kg3 Rh1 44. Ra2 Rg1+ 45. Kh2 Rf1 46. Ra6 Nxf3+ 47. Rxf3 Rxf3 48. Rxd6 Rf2+ 49. Kg1 Rf1+ 50. Kh2 Qf2+ 51. Qg2 Qe3 52. Rd8 R1f2 53. Rxf8+ Rxf8 0-1

[Event "FIDE WYCC Open U14 2023"]
[Site "Montesilvano"]
[Date "2023.11.16"]
[Round "4.8"]
[White "Vingris, Mikelis"]
[Black "Lissillour, Baptiste"]
[Result "1-0"]
[ECO "B54"]
[WhiteElo "2127"]
[BlackElo "2298"]
[Annotator "RC"]
[PlyCount "123"]
[EventDate "2023.11.13"]
[EventType "swiss"]
[EventCountry "ITA"]
[SourceTitle "playchess.com"]
[Source "ChessBase"]
[SourceQuality "1"]
[TimeControl "40/5400+30:1800+30"]

1. e4 c5 2. Nf3 d6 3. d4 cxd4 4. Nxd4 Nf6 5. Bd3 g6 6. h3 Bg7 7. Be3 Nc6 8. c4 Ng4 9. hxg4 Bxd4 10. Bxd4 Nxd4 11. Nc3 Qa5 12. f3 Be6 13. Rc1 Rc8 14. Qd2 Nc6 15. b3 Ne5 16. Be2 Qc5 17. Rd1 f6 18. Qd4 Kf7 19. Nd5 a6 20. Qxc5 dxc5 21. Kf2 Nc6 22. Nb6 Rb8 23. f4 Kg7 24. f5 Bf7 25. Nd7 Rbc8 26. Nxc5 Rc7 27. Nd3 e5 28. fxe6 Bxe6 29. Nf4 Bc8 30. Nd5 Rf7 31. Kg3 Re8 32. Bf3 Re5 33. Nb6 Be6 34. Rd6 Re7 35. Rhd1 Re8 36. Nd5 Rf8 37. Nc7 Bc8 38. a3 Rf7 39. Nxa6 Rg5 40. Nb4 Ne5 41. Kf4 Bxg4 42. Nd3 h6 43. a4 Kh7 44. Rd2 Bc8 45. Nxe5 Rxe5 46. Rxf6 Ree7 47. Rxf7+ Rxf7+ 48. Ke3 Re7 49. Rd8 Bd7 50. Kd4 Bc6 51. a5 g5 52. g4 Rf7 53. Ke3 Bd7 54. e5 h5 55. gxh5 Bh3 56. Rb8 Kh6 57. Rxb7 Rf8 58. Rb6+ Kh7 59. Be4+ Kh8 60. a6 Rf7 61. Rh6+ Kg7 62. Rh7+ 1-0

[Event "FIDE WYCC Open U14 2023"]
[Site "Montesilvano"]
[Date "2023.11.16"]
[Round "4.9"]
[White "Escudero Ribo, Eloi"]
[Black "Matyassy, Lazar"]
[Result "1/2-1/2"]
[ECO "A45"]
[WhiteElo "1929"]
[BlackElo "2281"]
[Annotator "RC"]
[PlyCount "110"]
[EventDate "2023.11.13"]
[EventType "swiss"]
[EventCountry "ITA"]
[SourceTitle "playchess.com"]
[Source "ChessBase"]
[SourceQuality "1"]
[TimeControl "40/5400+30:1800+30"]

1. d4 Nf6 2. Bg5 d5 3. Bxf6 gxf6 4. e3 c5 5. dxc5 e6 6. Nc3 Bxc5 7. Nf3 f5 8. Qd2 Nc6 9. O-O-O Bd7 10. Ne2 Qc7 11. Qc3 Nb4 12. Kb1 Rg8 13. Nf4 Bd6 14. Nh5 Qxc3 15. bxc3 Nc6 16. Nf6+ Ke7 17. Nxg8+ Rxg8 18. g3 Rc8 19. Nd4 Ne5 20. h3 Rxc3 21. Nb5 Bxb5 22. Bxb5 a6 23. Be2 Rc6 24. c3 Rxc3 25. Rc1 Ra3 26. Kb2 Ra5 27. Rc3 Nd7 28. f4 Nc5 29. Rc2 Ne4 30. g4 Ra3 31. Rc7+ Kf6 32. Rxb7 Rxe3 33. Bxa6 Bxf4 34. Rb3 Be5+ 35. Kc2 Nc3 36. gxf5 exf5 37. Bd3 Nxa2 38. Rb6+ Ke7 39. Bxf5 h5 40. Rb7+ Kf6 41. Rf1 Kg5 42. Rxf7 Nb4+ 43. Kd2 Rg3 44. Be6 Rg2+ 45. R1f2 Rxf2+ 46. Rxf2 Bd6 47. Kc3 Kh4 48. Rf5 Bc5 49. Bxd5 Nxd5+ 50. Rxd5 Bf2 51. Rd3 Bg3 52. Rd5 Kxh3 53. Rxh5+ Kg2 54. Rg5 Kh2 55. Rxg3 Kxg3 1/2-1/2

[Event "FIDE WYCC Open U14 2023"]
[Site "Montesilvano"]
[Date "2023.11.16"]
[Round "4.10"]
[White "Radzimski, Antoni"]
[Black "Kozlovic, Jernej"]
[Result "1/2-1/2"]
[ECO "A11"]
[WhiteElo "1904"]
[BlackElo "2263"]
[Annotator "RC"]
[PlyCount "63"]
[EventDate "2023.11.13"]
[EventType "swiss"]
[EventCountry "ITA"]
[SourceTitle "playchess.com"]
[Source "ChessBase"]
[SourceQuality "1"]
[TimeControl "40/5400+30:1800+30"]

1. c4 c6 2. Nf3 Nf6 3. e3 d5 4. Qc2 g6 5. d4 Bf5 6. Bd3 Bxd3 7. Qxd3 Bg7 8. Nc3 O-O 9. O-O Nbd7 10. b3 Qc7 11. Bb2 dxc4 12. Qxc4 e5 13. dxe5 Nxe5 14. Nxe5 Qxe5 15. Rad1 Rfd8 16. Rxd8+ Rxd8 17. Rd1 Rxd1+ 18. Nxd1 Qd6 19. Qe2 Ne4 20. Bxg7 Kxg7 21. f3 Nc5 22. g3 a5 23. Nf2 f6 24. Qc2 Qd5 25. Qc3 b6 26. e4 Qd6 27. Kg2 Ne6 28. Ng4 Nd4 29. Qe3 Kg8 30. e5 fxe5 31. Nxe5 c5 32. Qe4 1/2-1/2

[Event "FIDE WYCC Open U14 2023"]
[Site "Montesilvano"]
[Date "2023.11.16"]
[Round "4.11"]
[White "Nurgaliyev, Sauat"]
[Black "Artemov, Andriy"]
[Result "0-1"]
[ECO "C65"]
[WhiteElo "2235"]
[BlackElo "1779"]
[Annotator "RC"]
[PlyCount "102"]
[EventDate "2023.11.13"]
[EventType "swiss"]
[EventCountry "ITA"]
[SourceTitle "playchess.com"]
[Source "ChessBase"]
[SourceQuality "1"]
[TimeControl "40/5400+30:1800+30"]

1. e4 e5 2. Nf3 Nc6 3. Bb5 Nf6 4. Bxc6 dxc6 5. d3 Nd7 6. O-O Bc5 7. Nbd2 b6 8. c3 a5 9. Nc4 f6 10. d4 Ba6 11. b3 Bd6 12. Nh4 g6 13. Bh6 Qe7 14. Re1 O-O-O 15. Qe2 Kb7 16. Qb2 Nf8 17. dxe5 Bxe5 18. Nxe5 fxe5 19. Nf3 Ne6 20. Be3 Nf4 21. Bxf4 exf4 22. c4 Rhe8 23. a3 c5 24. e5 g5 25. Nd2 g4 26. e6 Rd6 27. b4 Ka7 28. bxc5 Rxe6 29. cxb6+ cxb6 30. Rxe6 Qxe6 31. Rb1 Bxc4 32. Qc2 Ba6 33. h3 g3 34. Qc7+ Bb7 35. Qxf4 Qe2 36. Nf1 Qc2 37. Rb5 Qc6 38. Qxg3 Qxb5 39. Ne3 Qc5 40. Qg7 Re7 41. Qf6 Qc1+ 42. Kh2 Qc7+ 43. Kg1 Rf7 44. Qb2 Qc5 45. Ng4 h5 46. Ne5 Re7 47. Nd3 Qf5 48. Qc3 Qe4 49. f3 Qe3+ 50. Kh1 Rd7 51. Qe5 Qxd3 0-1

[Event "FIDE WYCC Open U14 2023"]
[Site "Montesilvano"]
[Date "2023.11.16"]
[Round "4.12"]
[White "Prokhorov, Aleksey"]
[Black "Haug, Havard"]
[Result "1/2-1/2"]
[ECO "B15"]
[WhiteElo "1869"]
[BlackElo "2223"]
[Annotator "RC"]
[PlyCount "106"]
[EventDate "2023.11.13"]
[EventType "swiss"]
[EventCountry "ITA"]
[SourceTitle "playchess.com"]
[Source "ChessBase"]
[SourceQuality "1"]
[TimeControl "40/5400+30:1800+30"]

1. e4 c6 2. d4 d5 3. Nd2 dxe4 4. Nxe4 Nf6 5. Nxf6+ exf6 6. c3 Bd6 7. Bd3 O-O 8. Qc2 Re8+ 9. Ne2 h6 10. O-O Na6 11. Bd2 Nc7 12. Rae1 b5 13. f4 c5 14. Ng3 cxd4 15. Rxe8+ Qxe8 16. Re1 Qd8 17. Be4 Rb8 18. cxd4 Bf8 19. Kh1 Nd5 20. Qb3 Bb7 21. Rc1 Qd7 22. Bd3 a6 23. Bf5 Qd8 24. Qd3 Bd6 25. Ne2 Qe7 26. Qe4 Qf8 27. Qd3 g6 28. Be4 f5 29. Bf3 Qe7 30. Re1 Re8 31. Ng1 Qd7 32. Rxe8+ Qxe8 33. Qb3 Qa8 34. Ne2 Nf6 35. Kg1 Ne4 36. Be3 Qd8 37. a4 Qa5 38. Nc3 Nxc3 39. Bxb7 Nxa4 40. Kf2 Qb6 41. Bf3 Qc7 42. g3 Nb6 43. Qd3 Nc4 44. Qc2 Qb6 45. Bd5 Qc7 46. Ke2 Qb8 47. b3 Nxe3 48. Kxe3 Qe8+ 49. Kf3 Qe1 50. Qc6 Qf1+ 51. Ke3 Qg1+ 52. Kf3 Qf1+ 53. Ke3 Qe1+ 1/2-1/2

[Event "FIDE WYCC Open U14 2023"]
[Site "Montesilvano"]
[Date "2023.11.16"]
[Round "4.13"]
[White "Lira, Suan Bruno Fernandes"]
[Black "Ermitsch, Magnus"]
[Result "0-1"]
[ECO "D37"]
[WhiteElo "1858"]
[BlackElo "2206"]
[Annotator "RC"]
[PlyCount "56"]
[EventDate "2023.11.13"]
[EventType "swiss"]
[EventCountry "ITA"]
[SourceTitle "playchess.com"]
[Source "ChessBase"]
[SourceQuality "1"]
[TimeControl "40/5400+30:1800+30"]

1. d4 Nf6 2. c4 e6 3. Nf3 d5 4. Nc3 Be7 5. Bf4 O-O 6. e3 b6 7. Bd3 c5 8. cxd5 Nxd5 9. Nxd5 exd5 10. dxc5 bxc5 11. O-O Be6 12. Ne5 c4 13. Be2 f6 14. Nf3 Nc6 15. Nd4 Nxd4 16. Qxd4 Qb6 17. Rfd1 Bc5 18. Qc3 Rfd8 19. Qc2 Rac8 20. Bg3 Bf7 21. Bg4 Rc6 22. Bf3 Rcc8 23. Bg4 Bg6 24. Qc3 Rc6 25. Bf3 Bd3 26. Rxd3 cxd3 27. Bxd5+ Rxd5 28. Qc4 Qd8 0-1